 Dungeon Crawl Stone Soup version 0.23.1 (webtiles) character file.

Game seed: 15211746613234121850

4307 Irenicus the Geomancer (level 10, -7/75 HPs)
             Began as a Deep Dwarf Earth Elementalist on Mar 5, 2019.
             Was a Follower of Makhleb.
             Mangled by a two-headed ogre
             ... wielding a +0 giant club
              (29 damage)
             ... on level 9 of the Dungeon.
             The game lasted 00:43:49 (4137 turns).

Irenicus the Geomancer (DDEE)                       Turns: 4137, Time: 00:43:50

Health: -7/75      AC:  5    Str: 13    XL:     10   Next: 11%
Magic:  9/16       EV: 12    Int: 18    God:    Makhleb [*.....]
Gold:   436        SH:  0    Dex: 13    Spells: 8/23 levels left

rFire    . . .     SeeInvis .   f - +0 dagger (protect)
rCold    . . .     Gourm    .   (no shield)
rNeg     . . .     Faith    .   n - +0 leather armour
rPois    +         Spirit   .   c - +0 helmet
rElec    .         Reflect  .   k - +0 cloak {MR+}
rCorr    .         Harm     .   (no gloves)
MR       ++...                  (no boots)
Stlth    +++.......             (no amulet)
HPRegen  0.00/turn              (no ring)
MPRegen  0.15/turn              (no ring)

@: non-regenerating
A: damage resistance, heal wounds, low mp 1, sense surroundings 2, poison
resistance, no regeneration
a: Heal Wounds, Renounce Religion


You were on level 9 of the Dungeon.
You worshipped Makhleb.
Makhleb was aware of your devotion.
You were near starving.

You visited 2 branches of the dungeon, and saw 10 of its levels.

You collected 436 gold pieces.

Inventory:

Hand Weapons
 f - a +0 dagger of protection (weapon)
   (You took it off a goblin on level 3 of the Dungeon)
 i - a +0 short sword
   (You found it on level 1 of the Dungeon)
Missiles
 x - 19 stones (quivered)
Armour
 c - a +0 helmet (worn)
   (You took it off Robin on level 3 of the Dungeon)
 k - a +0 cloak of magic resistance (worn)
   (You took it off Crazy Yiuf on level 5 of the Dungeon)
 n - a +0 leather armour (worn)
   (You found it on level 2 of the Dungeon)
 s - +0 ice dragon scales
   (You found it on level 4 of the Dungeon)
Wands
 p - a wand of flame (4)
   (You found it on level 7 of the Dungeon)
 r - a wand of acid (2)
   (You found it on level 4 of the Dungeon)
Scrolls
 e - 2 scrolls of teleportation
 g - 4 scrolls of remove curse
 h - 4 scrolls of magic mapping {unknown}
 j - 11 scrolls of identify
 m - 2 scrolls of fog
 q - 4 scrolls of blinking {unknown}
 t - a scroll of immolation {unknown}
 u - a scroll of torment {unknown}
 v - a scroll of enchant weapon {unknown}
Potions
 a - 3 potions of haste
 b - a potion of cancellation
 l - 2 potions of flight
 o - a potion of might
Comestibles
 d - 15 rations


   Skills:
 + Level 3.3 Short Blades
 - Level 2.1 Dodging
 - Level 6.1 Stealth
 - Level 7.1 Spellcasting
 - Level 2.8 Conjurations
 - Level 6.1 Transmutations
 - Level 10.5 Earth Magic
 - Level 2.3 Evocations


You had 8 spell levels left.
You knew the following spells:

 Your Spells              Type           Power        Failure   Level  Hunger
a - Sandblast             Erth           #####.       1%          1    None
c - Petrify               Tmut/Erth      #####...     4%          4    ####...
w - Passwall              Tmut/Erth      #####...     1%          2    None
x - Stone Arrow           Conj/Erth      ####..       2%          3    ##.....
z - Lee's Rapid Deconstr  Erth           #####.....   4%          5    #####..

Your spell library contained the following spells:

 Spells                   Type           Power        Failure   Level  Hunger
 Beastly Appendage        Tmut           ####..       1%          1    None
 Sticks to Snakes         Tmut           ####....     1%          2    None
 Spider Form              Tmut/Pois      ###.......   12%         3    ##.....
 Leda's Liquefaction      Hex/Erth       ####......   16%         4    ####...
 Corpse Rot               Necr           N/A          21%         2    None
 Blade Hands              Tmut           ####......   30%         5    #####..
 Ice Form                 Ice/Tmut       ###.....     36%         4    ####...
 Hydra Form               Tmut           ####......   86%         6    #######
 Summon Forest            Summ/Tloc      #.........   98%         5    #####..
 Summon Hydra             Summ           #.........   100%        7    #######


Dungeon Overview and Level Annotations

Branches:
Dungeon (9/15)             Temple (1/1) D:5            Lair (0/6) D:8
    Orc: D:9-12

Altars:
Ashenzari
Cheibriados
Dithmenos
Elyvilon
Gozag
Hepliaklqana
Kikubaaqudgha
Makhleb
Nemelex Xobeh
Okawaru
Qazlal
Ru
Sif Muna
Trog
Uskayaw
Vehumet
Wu Jian
Xom
Yredelemnul
Zin
The Shining One


Innate Abilities, Weirdness & Mutations

You are resistant to damage.
You can heal yourself by infusing magical energy.
You passively map the area around you.
You do not regenerate.
Your magical capacity is low. (-10% MP)
Your system is resistant to poisons. (rPois)


Message History

You hit the orc but do no damage.
Aim: an orc, wielding a +0 war axe and wearing a +0 leather armour (severely wounded)
The blast of sand hits the orc!
You kill the orc!
Makhleb accepts your kill.
x - 4 stones You now have 0/16 mp.
Things that are here:
a +0 club; a +0 ring mail
Things that are here:
a +0 war axe; a +0 leather armour; an orc corpse You are feeling hungry.
Things that are here:
a +0 dagger; a +0 robe
e - 2 scrolls of teleportation (gained 1)
A worker ant comes into view.
There is a stone staircase leading down here.
Aim: a worker ant (hasn't noticed you, chance to defeat MR: 72%)
The worker ant twitches its antennae in your direction.
The worker ant struggles to resist.
The worker ant closely misses you. The worker ant bites you.
You now have 1/16 mp.
You don't have enough magic to cast that spell.
You completely miss the worker ant. The worker ant bites you.
* * * LOW HITPOINT WARNING * * *
You take 3 damage, and have 17/75 hp.
You hit the worker ant.
Your weapon exudes an aura of protection.
The worker ant barely misses you.
Aim: a worker ant (moderately wounded)
The blast of sand hits the worker ant!
x - 3 stones The worker ant bites you.
You now have 0/16 mp.
You hit the worker ant.
The worker ant bites you but does no damage.
You barely miss the worker ant. The worker ant closely misses you.
You hit the worker ant.
The worker ant bites you but does no damage.
You hit the worker ant but do no damage.
The worker ant bites you but does no damage.
You hit the worker ant.
You kill the worker ant!
Makhleb accepts your kill.
There is a stone staircase leading down here.
You climb downwards.
There is a stone staircase leading up here.
Found a stone staircase leading up.
A scorpion comes into view.
You see here 14 sling bullets.
Aim: a scorpion (chance to defeat MR: 64%)
The scorpion is moving more slowly.
All of the chunks of flesh in your inventory have rotted away.
You now have 0/16 mp.
The scorpion stops moving altogether!
The helpless scorpion fails to defend itself.
You impale the scorpion!!
Your weapon exudes an aura of protection.
The helpless scorpion fails to defend itself.
You impale the scorpion!!
You kill the scorpion!
Makhleb accepts your kill.
x - 19 stones (gained 16)
You are feeling very hungry.
You now have 436 gold pieces (gained 11).
t - a scroll labeled WYZXAU JOFI
Found a stone staircase leading down.
There is a stone staircase leading down here.
MP restored: 16
Found an escape hatch in the floor.
There is an escape hatch in the floor here.
A centaur and a two-headed ogre come into view.
The two-headed ogre shouts in stereo!
Found a stone staircase leading down.
You see here 13 gold pieces.
Aim: a two-headed ogre, wielding a +0 giant club and a +0 giant spiked club (chance to defeat MR: 47%)
The two-headed ogre resists with some effort.
The centaur hits you but does no damage.
You now have 12/16 mp.
Aim: a two-headed ogre, wielding a +0 giant club and a +0 giant spiked club (chance to defeat MR: 47%)
The two-headed ogre resists with some effort.
The centaur closely misses you.
The two-headed ogre hits you with a +0 giant club.
* * * LOW HITPOINT WARNING * * *
The two-headed ogre barely misses you. The centaur closely misses you.
You take 1 damage, and have 16/75 hp.
You now have 8/16 mp.
The centaur wields a +0 shortbow.
The centaur shoots an arrow.
The arrow hits you!
* * * LOW HITPOINT WARNING * * *
The centaur shoots an arrow.
The arrow hits you.
* * * LOW HITPOINT WARNING * * *
You see here 2 arrows.
You take 12 damage, and have 4/75 hp.
The centaur shoots an arrow.
The arrow barely misses you.
You are near starving!
There is an escape hatch in the floor here.
Okay, then.
You feel much better.
The two-headed ogre hits you with a +0 giant club!!
You die...

,,, #...............#
,#.........#####.# , , ,
, #.........# .# ,,
,#.........#####.#
*########...............#
,
.>........(............#
, , **
#..$........#......# , ,
#....####...#......# ,
#....cO@....#......# ,
#...........#......# , **
#..................#
............(........# *
######################


You could see a two-headed ogre and a centaur.

Vanquished Creatures
  A two-headed ogre (D:8)
  Prince Ribbit (D:6)
  A spriggan (D:7)
  A wyvern (D:8)
  Grum (D:8)
  2 water moccasins
  An ice beast (D:5)
  2 phantoms
  A sky beast (D:7)
  3 ogres
  2 wolves (D:7)
  3 centaurs
  5 bullfrogs
  Blork the orc (D:5)
  A gnoll sergeant (D:6)
  A water moccasin skeleton (D:7)
  2 scorpions
  2 wights
  A centaur zombie (D:7)
  3 bullfrog zombies
  A jelly (D:8)
  4 orc priests
  A gnoll shaman (D:5)
  2 hounds
  5 orc wizards
  Crazy Yiuf (D:5)
  A bullfrog skeleton (D:5)
  Ijyb (D:6)
  Natasha (D:2)
  5 worker ants
  A hound zombie (D:6)
  A hound skeleton (D:5)
  Robin (D:3)
  8 gnolls
  12 adders
  A shadow imp (D:7)
  An ooze (D:4)
  An adder skeleton (D:7)
  2 adder zombies
  3 worms
  5 leopard geckos
  23 orcs
  2 ball pythons (D:4)
  6 bats
  13 giant cockroaches
  16 goblins
  9 hobgoblins
  8 jackals
  6 kobolds
  2 quokkas
  5 frilled lizards
  A jackal skeleton (D:6)
  A leopard gecko skeleton (D:4)
  A quokka skeleton (D:7)
  6 rats
192 creatures vanquished.

Vanquished Creatures (others)
  An orc wizard (D:6)
  A quokka (D:5)
2 creatures vanquished.

Grand Total: 194 creatures vanquished

Notes
Turn   | Place    | Note
-------+----------+-------------------------------------------
     0 | D:1      | Irenicus the Deep Dwarf Earth Elementalist began the quest
                  | for the Orb.
     0 | D:1      | Reached XP level 1. HP: 15/15 MP: 3/3
   201 | D:1      | Reached XP level 2. HP: 5/22 MP: 0/4
   208 | D:1      | HP: 4/22 [giant cockroach (1)]
   292 | D:1      | Learned a level 2 spell: Passwall
   336 | D:1      | Reached skill level 5 in Earth Magic
   374 | D:2      | Found an ornate altar of the Wu Jian Council.
   374 | D:2      | Found a shattered altar of Ashenzari.
   374 | D:2      | Found a glowing golden altar of the Shining One.
   375 | D:2      | Found a sacrificial altar of Ru.
   380 | D:2      | Found a hazy altar of Hepliaklqana.
   380 | D:2      | Found a basalt altar of Yredelemnul.
   380 | D:2      | Found a hide-covered altar of Uskayaw.
   381 | D:2      | Found a bloodstained altar of Trog.
   418 | D:2      | Reached XP level 3. HP: 28/28 MP: 0/5
   460 | D:2      | Reached skill level 6 in Earth Magic
   542 | D:2      | Noticed Natasha
   552 | D:2      | Reached XP level 4. HP: 36/36 MP: 0/6
   717 | D:2      | Killed Natasha
   717 | D:2      | Reached skill level 7 in Earth Magic
   862 | D:3      | Noticed Robin
   869 | D:3      | Reached skill level 2 in Spellcasting
   878 | D:3      | Killed Robin
   878 | D:3      | Reached XP level 5. HP: 26/42 MP: 0/8
   999 | D:3      | Reached skill level 8 in Earth Magic
  1005 | D:3      | HP: 9/42 [jackal (2)]
  1077 | D:3      | Learned a level 5 spell: Lee's Rapid Deconstruction
  1114 | D:3      | Reached XP level 6. HP: 32/49 MP: 5/10
  1174 | D:4      | Reached skill level 3 in Spellcasting
  1217 | D:4      | Irenicus: ?? ice dragon scale
  1217 | D:4      | beem: ice dragon scale ~ ice dragon scales[1/1]: 9AC, 11ER,
                  | rC++ rF-. Sometimes dropped by an {ice dragon} when it
                  | dies.
  1229 | D:4      | Found a sparkling altar of Nemelex Xobeh.
  1230 | D:4      | Found an opulent altar of Gozag.
  1410 | D:4      | Found a shimmering altar of Xom.
  1668 | D:3      | You fall through a shaft!
  1673 | D:5      | Entered Level 5 of the Dungeon
  1687 | D:5      | Noticed Ijyb
  1704 | D:6      | Killed Ijyb
  1721 | D:6      | Reached skill level 9 in Earth Magic
  1724 | D:6      | HP: 8/49 [orc/+0 morningstar (7)]
  1770 | D:6      | Reached XP level 7. HP: 34/55 MP: 3/12
  1776 | D:6      | Learned a level 3 spell: Stone Arrow
  1790 | D:6      | Reached skill level 1 in Transmutations
  1845 | D:6      | Reached skill level 4 in Spellcasting
  1845 | D:6      | Reached skill level 1 in Conjurations
  1914 | D:6      | Reached skill level 2 in Transmutations
  1930 | D:6      | HP: 13/55 [gnoll/+1 flail of protection (7)]
  1935 | D:6      | Reached skill level 2 in Conjurations
  1939 | D:6      | HP: 9/55 [gnoll/+1 flail of protection (4)]
  2213 | D:5      | Reached skill level 3 in Transmutations
  2228 | D:5      | Reached skill level 1 in Short Blades
  2228 | D:5      | Reached skill level 3 in Stealth
  2228 | D:5      | Reached XP level 8. HP: 37/62 MP: 3/14
  2239 | D:5      | Learned a level 4 spell: Petrify
  2277 | D:5      | Found a staircase to the Ecumenical Temple.
  2289 | Temple   | Entered the Ecumenical Temple
  2328 | Temple   | Became a worshipper of Makhleb the Destroyer
  2493 | D:5      | Found a white marble altar of Elyvilon.
  2520 | D:5      | Noticed Blork the orc
  2541 | D:5      | Killed Blork the orc
  2541 | D:5      | Reached skill level 4 in Transmutations
  2700 | D:5      | Found a runed translucent door.
  2701 | D:5      | Noticed Crazy Yiuf
  2718 | D:5      | Irenicus: ?? stone arrow
  2718 | D:5      | beem: stone arrow[1/1]: A level 3 earth/conjuration spell.
                  | Found in the book of Geomancy, starting book for EEs. Does
                  | 3d11 dmg at max power. Does massive damage from ghosts for
                  | some reason. To-hit: 8+power/10.
  2735 | D:5      | Killed Crazy Yiuf
  2980 | D:6      | Noticed Prince Ribbit
  3003 | D:6      | Gained mutation: Your magical capacity is low. (-10% MP)
                  | [potion of mutation]
  3003 | D:6      | Gained mutation: Your system is resistant to poisons.
                  | (rPois) [potion of mutation]
  3063 | D:6      | Reached skill level 5 in Transmutations
  3147 | D:6      | Killed Prince Ribbit
  3147 | D:6      | Reached skill level 6 in Transmutations
  3241 | D:8      | Noticed Grum
  3269 | D:8      | Reached skill level 4 in Stealth
  3278 | D:8      | HP: 13/62 [something (4)]
  3294 | D:7      | Reached skill level 5 in Stealth
  3311 | D:7      | Reached skill level 6 in Stealth
  3311 | D:7      | Gained mutation: You passively map the area around you.
                  | [Deep Dwarf growth]
  3311 | D:7      | Reached XP level 9. HP: 20/68 MP: 1/13
  3362 | D:6      | Reached skill level 2 in Short Blades
  3393 | D:6      | HP: 14/68 [phantom (6)]
  3410 | D:7      | Reached skill level 3 in Short Blades
  3431 | D:7      | HP: 10/68 [water moccasin skeleton (4)]
  3438 | D:7      | Reached * piety under Makhleb
  3521 | D:7      | HP: 17/68 [bullfrog (4)]
  3524 | D:7      | Reached skill level 5 in Spellcasting
  3556 | D:7      | HP: 15/68 [centaur zombie (2)]
  3572 | D:7      | HP: 14/68 [water moccasin (5)]
  3631 | D:8      | HP: 4/68 [ogre/+0 giant club (20)]
  3645 | D:8      | HP: 14/68 [Grum/+0 spear of piercing (14)]
  3651 | D:8      | Killed Grum
  3651 | D:8      | Reached skill level 6 in Spellcasting
  3721 | D:8      | HP: 12/68 [centaur/arrow (11)]
  3721 | D:8      | HP: 4/68 [centaur/arrow (8)]
  3749 | D:8      | Irenicus: ?? wand of fire
  3749 | D:8      | beem: wand of fire[1/1]: Shoots a {bolt of fire}, which
                  | serves all of the same purposes, such as killing enemies.
                  | More powerful than a wand of flame.
  3749 | D:8      | Irenicus: ?? bolt of fire
  3749 | D:8      | beem: bolt of fire[1/1]: A level 6 conj/fire penetrating
                  | beam attack that can hit multiple opponents in a line for
                  | pure fire damage. Does six dice with a maximum total damage
                  | of (18 + (power * 2) / 3). At power 50 it does 6d8 damage;
                  | at power 100 it does 6d14. As with any fire-based beams,
                  | produces steam if it passes over water. To-hit:
                  | 10+power/25.
  3755 | D:8      | Reached skill level 7 in Spellcasting
  3803 | D:8      | Found a staircase to the Lair.
  3823 | D:8      | HP: 17/68 [worker ant (6)]
  3863 | D:8      | Noticed a two-headed ogre
  3874 | D:8      | Killed a two-headed ogre
  3874 | D:8      | Reached skill level 10 in Earth Magic
  3874 | D:8      | Reached XP level 10. HP: 23/75 MP: 3/16
  3918 | D:8      | Reached skill level 1 in Evocations
  3936 | D:8      | Reached skill level 2 in Evocations
  3980 | D:8      | HP: 17/75 [worker ant (3)]
  4127 | D:9      | Noticed a two-headed ogre
  4132 | D:9      | HP: 16/75 [two-headed ogre/+0 giant club (1)]
  4134 | D:9      | HP: 4/75 [centaur/arrow (4)]
  4137 | D:9      | Mangled by a two-headed ogre

Skill      XL: |  1  2  3  4  5  6  7  8  9 10 |
---------------+-------------------------------+-----
Earth Magic    | 5 6 7 8 9 10 | 10.5
Spellcasting   | 2 3 4 7 |  7.1
Transmutations | 3 6 |  6.1
Conjurations   | 2 |  2.8
Short Blades   | 1 3 |  3.3
Stealth        | 3 6 |  6.1
Evocations     | 2 |  2.3
Dodging        | |  2.1

Action                   |  1- 3 |  4- 6 |  7- 9 | 10-12 || total
-------------------------+-------+-------+-------+-------++-------
Melee: Unarmed           |    37 |       |       |       ||    37
       Short sword       |    25 |    60 |       |       ||    85
       Dagger            |       |    36 |   212 |    23 ||   271
 Cast: Sandblast         |    34 |    85 |    85 |     9 ||   213
       Passwall          |       |     5 |    13 |       ||    18
       Lee's Rapid Decon |       |     2 |     5 |       ||     7
       Stone Arrow       |       |       |    23 |     2 ||    25
       Petrify           |       |       |    14 |     4 ||    18
 Abil: Heal Wounds       |     1 |     2 |     8 |     1 ||    12
Evoke: Wand              |       |       |    15 |     8 ||    23
  Use: Scroll            |     1 |     4 |     3 |       ||     8
       Potion            |       |     6 |     7 |     2 ||    15
 Stab: Sleeping          |     2 |     4 |     8 |       ||    14
       Petrified         |       |       |    33 |     2 ||    35
       Invisible         |       |       |     1 |       ||     1
       Petrifying        |       |       |     1 |       ||     1
  Eat: Chunk             |       |     5 |     4 |       ||     9
       Ration            |       |       |     3 |       ||     3
Armor: Robe              |    16 |     4 |       |       ||    20
       Leather armour    |       |    82 |    72 |     6 ||   160
       Skin              |       |       |    65 |       ||    65
Dodge: Dodged            |    60 |   158 |   194 |    19 ||   431

Levels and vault maps discovered:
D:1:      nicolae_arrival_memento_mori, layout_rooms
D:2:      minmay_evil_eye, layout_rooms, grunt_temple_overflow_open,
          uniq_natasha
D:3:      layout_basic, uniq_robin
D:4:      layout_rooms, grunt_temple_overflow_opulence, lemuel_altar_in_water
D:5:      layout_loops_ring, minmay_temple_entry_mist, first_ration,
          hangedman_decor_peaks_small, minivault_4, elyvilon_altar_4,
          uniq_crazy_yiuf_cottage, uniq_ijyb, uniq_blork_the_orc
D:6:      layout_basic, serial_glass, glass_columns_a, glass_columns_a,
          item_on_display_a, uniq_prince_ribbit1
D:7:      layout_gridville, the_bakery
D:8:      layout_rooms, lair_entry_dummy, due_unseen_surprise, uniq_grum
D:9:      layout_stronghold, lemuel_doored_altar, minmay_orc_entry_temple_small
Temple:   jpeg_temple_alley_garden

Table legend:
 A = Turns spent in this place as a percentage of turns spent in the entire game.
 B = Non-inter-level travel turns spent in this place as a percentage of non-inter-level travel turns spent in the entire game.
 C = Inter-level travel turns spent in this place as a percentage of turns spent in this place.
 D = Turns resting spent in this place as a percentage of non-inter-level travel turns spent in this place.
 E = Turns spent auto-exploring this place as a percentage of non-inter-level travel turns spent in this place.
 F = Non-inter-level travel turns spent in this place divided by the number of levels of this place that you've seen.
                   A       B       C       D       E      F
               +-------+-------+-------+-------+-------+----------------------
         Total | 100.0 | 100.0 |   0.0 |   0.0 |   0.0 | 413.7
       Dungeon |  98.1 |  98.1 |   0.0 |   0.0 |   0.0 | 451.1
        Temple |   1.9 |   1.9 |   0.0 |   0.0 |   0.0 |  77.0
               +-------+-------+-------+-------+-------+----------------------

Table legend:
 A = Kills in this place as a percentage of kills in entire the game.
 B = Kills by you in this place as a percentage of kills by you in the entire game.
 C = Kills by friends in this place as a percentage of kills by friends in the entire game.
 D = Other kills in this place as a percentage of other kills in the entire game.
 E = Experience gained in this place as a percentage of experience gained in the entire game.
 F = Experience gained in this place divided by the number of levels of this place that you have seen.
                   A       B       C       D       E      F
               +-------+-------+-------+-------+-------+----------------------
         Total | 100.0 | 100.0 |   N/A | 100.0 | 100.0 | 615.3
       Dungeon | 100.0 | 100.0 |   N/A | 100.0 | 100.0 | 683.7
               +-------+-------+-------+-------+-------+----------------------
